 Dungeon Crawl Stone Soup version 0.27-a0-1416-g941b2bd30b (webtiles) character file.

Game seed: 4497323030202038299

9 quinnr the Magician (level 2, 0/21 HPs)
             Began as a Djinni Air Elementalist on July 1, 2021.
             Was a Follower of Jiyva.
             Slain by a gnoll (3 damage)
             ... on level 2 of the Dungeon.
             The game lasted 00:02:42 (934 turns).

quinnr the Magician (Djinni Air Elementalist)        Turns: 934, Time: 00:02:43

Health: 0/21       AC:  2    Str:  7    XL:     2   Next: 25%
Gold:   44         EV: 12    Int: 16    God:    Jiyva [*.....] SH:  0 Dex: 13

rFire    + + .     SeeInvis .   (no weapon)
rCold    x . .     Faith    .   (no shield)
rNeg     . . .     Spirit   .   a - +0 robe
rPois    ∞         Reflect  .   (no helmet)
rElec    .         Harm     .   (no cloak)
rCorr    .         Rampage  .   (no gloves)
Will     .....                  (boots unavailable)
Stlth    ++........             (no amulet)
HPRegen  0.07/turn              (no ring)
MPRegen  0.00/turn              (no ring)

@: flying
A: sickness immunity, fire resistance 2, cold vulnerability 1, float, innate
caster, hp casting, extra vitality 1
a: Renounce Religion, Request Jelly


You were on level 2 of the Dungeon.
You worshipped Jiyva.
Jiyva was aware of your devotion.
You visited 1 branch of the dungeon, and saw 2 of its levels.

You collected 44 gold pieces.

Inventory:

Missiles
 d - 15 poisoned darts
Armour
 a - a +0 robe (worn)
Scrolls
 b - a scroll of fog {unknown}
Potions
 c - 2 potions of curing {unknown}
 e - a potion of degeneration {unknown}


   Skills:
 - Level 2.1 Dodging
 - Level 1.5 Stealth
 + Level 2.9 Spellcasting


You couldn't memorise any spells.
You knew the following spells:

 Your Spells              Type           Power      Damage    Failure   Level
a - Shock                 Conj/Air       44%        1d5       6%          1
b - Static Discharge      Conj/Air       11%        N/A       9%          2
c - Swiftness             Air            11%        N/A       17%         3
d - Airstrike             Air            5%         N/A       50%         4
e - Lightning Bolt        Conj/Air       5%         1d17      85%         5
Your spell library was empty.

Dungeon Overview and Level Annotations

Branches:
Dungeon (2/15)

Altars:
Vehumet
Jiyva


Innate Abilities, Weirdness & Mutations

You are immune to sickness and miasma.
You are immune to poison.
Your flesh is very heat resistant. (rF++)
You are vulnerable to cold. (rC-)
You float through the air rather than walking.
You learn spells naturally, not from books.
Your magical power is your life essence.
You have superior vitality. (+4 HP)


Message History

A gnoll is nearby!
The zap hits the gnoll.
The gnoll is moderately wounded.
The zap hits the gnoll but does no damage.
The gnoll is moderately wounded.
You miscast Shock.
You are very lightly contaminated with residual magic.
Nothing appears to happen.
The zap hits the gnoll.
The gnoll is heavily wounded.
Casting: Shock (safe; 6% risk of failure)
Confirm with . or Enter, or press ? or * to list all spells.
Okay, then.
The zap hits the gnoll.
The gnoll is severely wounded.
You hear a shout!
A gnoll comes into view. It is wielding a +0 flail.
The gnoll closely misses you.
The zap hits the gnoll.
The gnoll is severely wounded.
The gnoll hits you from afar with a +0 spear.
You are too injured to fight recklessly!
Casting: Shock (safe; 6% risk of failure)
Confirm with . or Enter, or press ? or * to list all spells.
Aiming: Shock (safe; 6% risk of failure)
Press: ? - help, Shift-Dir - straight line, f/p - gnoll
Aim: a gnoll, wielding a +0 spear (severely wounded, 72% to hit)
The zap misses the gnoll.
The gnoll hits you from afar with a +0 spear.
* * * LOW HITPOINT WARNING * * *
Your magical contamination has completely faded away.
Casting: Shock (safe; 6% risk of failure)
Confirm with . or Enter, or press ? or * to list all spells.
Aiming: Shock (safe; 6% risk of failure)
Press: ? - help, Shift-Dir - straight line, f/p - gnoll
Aim: a gnoll, wielding a +0 spear (severely wounded, 72% to hit)
The zap misses the gnoll.
* * * LOW HITPOINT WARNING * * *
The gnoll hits you from afar with a +0 spear.
You die...

#######.##.###...# #.##.#
###.# #.##.# #.# #.##.#
#.# #.##.# #.# #.##.# #.#
###.##.#####.#
#############............#
....g..g.@....#.##.#######
#.########.####.# #
#......# ########


You could see 2 gnolls.

Vanquished Creatures
  2 endoplasms (D:1)
  A giant cockroach (D:1)
  2 ball pythons (D:1)
  A bat (D:1)
  A frilled lizard (D:1)
  A kobold (D:1)
  3 rats (D:1)
11 creatures vanquished.

Vanquished Creatures (others)
  An endoplasm (D:2)
1 creature vanquished.

Grand Total: 12 creatures vanquished

Notes
Turn   | Place    | Note
-------+----------+-------------------------------------------
     0 | D:1      | quinnr the Djinni Air Elementalist began the quest for the
                  | Orb.
     0 | D:1      | Reached XP level 1. HP: 15/15 MP: 0/0
   366 | D:1      | Reached XP level 2. HP: 17/21 MP: 0/0
   712 | D:1      | Found a faded altar of an unknown god.
   848 | D:1      | Became a worshipper of Jiyva Jelecil the Shapeless
   848 | D:1      | Reached * piety under Jiyva
   849 | D:1      | quinnr: ??jivya
   849 | D:1      | beem: jivya ~ jiyva[1/4]: *: request jelly invocation; **:
                  | gain nutrition on slurps; ***: mutation gifts; ****:
                  | {slimify}, mp on slurps; *****: cure bad mutation
                  | invocation, hp on slurps; ******: possible friendly
                  | temporary slime if hit for > 25% maxhp, slime:5 walls
                  | removed
   849 | D:1      | quinnr: ??jiyva
   849 | D:1      | beem: jiyva[1/4]: *: request jelly invocation; **: gain
                  | nutrition on slurps; ***: mutation gifts; ****: {slimify},
                  | mp on slurps; *****: cure bad mutation invocation, hp on
                  | slurps; ******: possible friendly temporary slime if hit
                  | for > 25% maxhp, slime:5 walls removed
   849 | D:1      | quinnr: ??jiyva[2
   849 | D:1      | beem: jiyva[2/4]: Jiyva's altar appears in the center of
                  | Slime:5 and in jelly vaults. Jiyva will give you mutations
                  | (including Jiyva-unique {slime mutations}), jelly and slime
                  | allies, and the ability to pare down your bad mutations.
                  | Piety is gained by letting jellies eat all that useless
                  | loot lying around the dungeon.
   849 | D:1      | quinnr: ??jiyva[3
   849 | D:1      | beem: jiyva[3/4]: Other powers: Piety / 200 chance of
                  | conservation or resist corrosion per item check, slime
                  | walls do not damage unless in penance, J and G turn neutral
                  | on sight, stats are rearranged based on your armour, burden
                  | carried, and skills.
   849 | D:1      | quinnr: ??jiyva[4
   849 | D:1      | beem: jiyva[4/4]: Also, gives acidres on joining, which is
                  | nice if you just abandoned {{fedhas}}.
   924 | D:2      | quinnr: ??slurping
   924 | D:2      | beem: distant slurping noise[1/1]: A jelly has eaten an
                  | item. How rude! This act heals the jelly a bit, and may
                  | cause an additional squelching noise, as a second jelly
                  | splits off from the original. "You hear a slurping sound"
                  | (exactly) is a poison miscast though, not a jelly.
   934 | D:2      | Slain by a gnoll

Illustrated notes

Levels and vault maps discovered:
D:1:      minmay_arrival_loop, layout_rooms,
          shapermc_ecumenical_altar_starsandcircs, minivault_14,
          amcnicky_mini_rare_corridor_liquid
D:2:      layout_loops_ring, basic_altar, uniq_jessica

Action                   || total
-------------------------++-------
 Cast: Shock             ||    29
Armor: Robe              ||     1
Dodge: Dodged            ||     2

Table legend: (Time is in decaauts)
 A = Elapsed time spent in this place.
 B = Non-inter-level travel time spent in this place.
 C = Inter-level travel time spent in this place.
 D = Time resting spent in this place.
 E = Time spent auto-exploring this place.
 F = Levels seen in this place.
 G = Mean time per level.
                   A        B        C        D        E       F      G
               +--------+--------+--------+--------+--------+-----+--------+
         Total |    933 |    870 |     63 |     70 |    740 |   2 |  466.5 |
       Dungeon |    933 |    870 |     63 |     70 |    740 |   2 |  466.5 |
               +--------+--------+--------+--------+--------+-----+--------+

Top non-repeatable levels by time:
     D:1: 875 daAuts
     D:2: 58 daAuts
